 Dungeon Crawl Stone Soup version 0.26-a0-639-g72c4674329 (webtiles) character file.

Game seed: 3686875603414557730

9 Flugslaktarn the Shield-Bearer (level 2, -4/27 HPs)
             Began as a Deep Dwarf Fighter on Sept 23, 2020.
             Slain by Sigmund
             ... wielding a +0 scythe
              (6 damage)
             ... on level 2 of the Dungeon.
             The game lasted 00:00:14 (138 turns).

Flugslaktarn the Shield-Bearer (Deep Dwarf Fighter)  Turns: 138, Time: 00:00:14

Health: -4/27      AC:  6    Str: 19    XL:     2   Next: 3%
Magic:  1/1        EV:  7    Int:  8    God:
Gold:   13         SH:  0    Dex: 12    Spells: 1/1 levels left

rFire    . . .     SeeInvis .   a - +0 war axe
rCold    . . .     Faith    .   c - +0 kite shield
rNeg     . . .     Spirit   .   b - +0 scale mail
rPois    .         Reflect  .   (no helmet)
rElec    .         Harm     .   (no cloak)
rCorr    .         Rampage  .   (no gloves)
MR       .....                  (no boots)
Stlth    ..........             (no amulet)
HPRegen  0.00/turn              (no ring)
MPRegen  0.07/turn              (no ring)

@: confused, mighty, non-regenerating
A: damage resistance, heal wounds, sense surroundings 1, no regeneration
a: Heal Wounds


You were on level 2 of the Dungeon.
You visited 1 branch of the dungeon, and saw 2 of its levels.

You collected 13 gold pieces.

Inventory:

Hand Weapons
 a - a +0 war axe (weapon)
Armour
 b - a +0 scale mail (worn)
 c - a +0 kite shield (worn)


   Skills:
 * Level 2.9 Fighting
 * Level 2.5 Axes
 + Level 3.4 Armour
 + Level 3.4 Shields


You had one spell level left.
You didn't know any spells.
Your spell library was empty.

Dungeon Overview and Level Annotations

Branches:
Dungeon (1/15)

Altars:

Annotations:
D:2 Sigmund


Innate Abilities, Weirdness & Mutations

You are resistant to damage.
You can heal yourself by infusing magical energy.
You passively map a small area around you.
You do not regenerate.


Message History

The magic dart hits you.
Your scale mail prevents you from hitting something.
Something hits you. Something hits you!
You are too confused!
You barely miss something. Something hits you but does no damage.
You are too confused!
You are too confused!
You feel less confused.
You feel very mighty all of a sudden.
You hear some strange, mumbled words.
You are confused.
Something hits you!
* * * LOW HITPOINT WARNING * * *
You closely miss something. Something hits you!
* * * LOW HITPOINT WARNING * * *
You're too confused!
You're too confused!
Something hits you!
You die...

. , .# , ** *
.######.# * ,
.. ...#.### ,
**
#.###.#...# ,
,* #.#.....#,
* #
#.#.....#.# *
* *
#.#.#.......#
* ,
#..$..#...###
#...@..#.## ,
#.....[..# ,
#......###
#......#
#.......,
#........ *
######.... ,
.....


There were no monsters in sight!

Vanquished Creatures
  A dart slug (D:1)
  A leopard gecko (D:1)
  2 hobgoblins (D:1)
  2 rats (D:1)
6 creatures vanquished.

Notes
Turn   | Place    | Note
-------+----------+-------------------------------------------
     0 | D:1      | Flugslaktarn the Deep Dwarf Fighter began the quest for the
                  | Orb.
     0 | D:1      | Reached XP level 1. HP: 20/20 MP: 1/1
   101 | D:1      | Reached XP level 2. HP: 27/27 MP: 2/2
   106 | D:1      | You fall into a shaft and drop 1 floor!
   106 | D:2      | Noticed Sigmund
   138 | D:2      | Slain by Sigmund

Illustrated notes

Levels and vault maps discovered:
D:1:      dpeg_arrival_long_road, layout_loops_corners, palyth_stone_intersect,
          minmay_misc_feat_more_columns, minivault_23,
          minmay_misc_feat_enclosed, minmay_unequal
D:2:      layout_basic, uniq_sigmund

Action                   || total
-------------------------++-------
Melee: War axe           ||    34
 Abil: Heal Wounds       ||     1
  Use: Potion            ||     1
Armor: Scale mail        ||     4
Dodge: Dodged            ||     6
Block: Kite shield       ||    11

Table legend: (Time is in decaauts)
 A = Elapsed time spent in this place.
 B = Non-inter-level travel time spent in this place.
 C = Inter-level travel time spent in this place.
 D = Time resting spent in this place.
 E = Time spent auto-exploring this place.
 F = Levels seen in this place.
 G = Mean time per level.
                   A        B        C        D        E       F      G
               +--------+--------+--------+--------+--------+-----+--------+
         Total |    152 |    152 |      0 |      0 |     72 |   2 |   76.0 |
       Dungeon |    152 |    152 |      0 |      0 |     72 |   2 |   76.0 |
               +--------+--------+--------+--------+--------+-----+--------+

Top non-repeatable levels by time:
     D:1: 112 daAuts
     D:2: 39 daAuts
